 Dungeon Crawl Stone Soup version 0.30.1-9-gdf580d7c3d (webtiles) character file.

Game seed: 10242423061254207875

1251 ringo67 the Trooper (level 8, -4/90 (96) HPs)
             Began as a Human Warper on Oct 2, 2023.
             Succumbed to a hornet's poison
             ... on level 6 of the Dungeon.
             The game lasted 00:17:32 (8445 turns).

ringo67 the Trooper (Human Warper)                  Turns: 8445, Time: 00:17:34

HP:   -4/90 (96)    AC: 28    Str: 13    XL:     8   Next: 80%
MP:   20/20         EV:  2    Int: 13    God:
Gold: 256           SH:  0    Dex: 14    Spells: 5/11 levels left

rFire   . . .        w - +2 halberd (protect)
rCold   . . .        (shield currently unavailable)
rNeg    . . .        D - melded +0 chain mail {rC+}
rPois   +            t - melded +0 helmet
rElec   .            (cloak currently unavailable)
rCorr   .            (gloves currently unavailable)
SInv    .            B - melded +0 pair of boots
Will    .....        (no amulet)
Stlth   +            j - +4 ring of protection
HPRegen 0.35/turn    y - ring of magical power
MPRegen 0.17/turn

%: no passive effects
@: lethally poisoned (-4 -> -21), tree-form, slowed, drained, very slow
A: stationary, stasis, torment immunity, boosted hp
a: no special abilities


You were on level 6 of the Dungeon.
You were a tree.
You visited 1 branch of the dungeon, and saw 7 of its levels.

You collected 256 gold pieces.

Inventory:

Hand Weapons
 u - a +2 heavy flail
 v - a +3 dagger of speed
 w - a +2 halberd of protection (weapon)
Missiles
 h - 6 boomerangs (quivered)
Armour
 e - a +0 ring mail
 t - a +0 helmet (melded)
 B - a +0 pair of boots (melded)
 D - a +0 chain mail of cold resistance (melded)
Jewellery
 j - a +4 ring of protection (left branch)
 y - a ring of magical power (right branch)
Scrolls
 a - a scroll of immolation {unknown}
 b - a scroll of enchant armour {unknown}
 f - 2 scrolls of teleportation
 g - a scroll of torment {unknown}
 i - 3 scrolls of identify
 n - a scroll of magic mapping {unknown}
 p - a scroll of summoning {unknown}
 x - a scroll of poison {unknown}
Potions
 d - 2 potions of attraction {unknown}
 k - a potion of heal wounds {unknown}
 l - 2 potions of cancellation {unknown}
 m - 3 potions of brilliance
 o - 3 potions of mutation {unknown}
 q - a potion of lignification
 z - a potion of invisibility {unknown}
 C - a potion of flight {unknown}


   Skills:
 + Level 5.6 Fighting
 + Level 5.6 Maces & Flails
 - Level 1.0 Throwing
 + Level 5.4 Armour
 - Level 2.0 Dodging
 - Level 2.0 Spellcasting
 + Level 4.5 Translocations


You had 5 spell levels left.
You knew the following spells:

 Your Spells              Type           Power      Damage    Failure   Level
a - Blink                 Tloc           26%        N/A       6%          2
b - Manifold Assault      Tloc           13%        N/A       36%         4

Your spell library contained the following spells:

 Spells                   Type           Power      Damage    Failure   Level
 Lesser Beckoning         Tloc           26%        N/A       6%          2
 Teleport Other           Tloc           13%        N/A       12%         3
 Portal Projectile        Hex/Tloc       14%        N/A       30%         3
 Vhi's Electric Charge    Tloc/Air       14%        N/A       30%         3
 Cigotuvi's Dreadful Rot  Necr/Pois/Air  2%         N/A       36%         2
 Ignite Poison            Fire/Tmut/Pois 1%         N/A       58%         3
 Tukima's Dance           Hex            1%         N/A       58%         3
 Blade Hands              Tmut           0%         N/A       100%        5
 Freezing Cloud           Conj/Ice/Air   0%         6-21      100%        5


Dungeon Overview and Level Annotations

Branches:
Dungeon (7/15)             Temple (0/1) D:6

Altars:
Ashenzari
Cheibriados
Dithmenos
Makhleb
Okawaru
Ru
Sif Muna
Trog
Vehumet
Zin


Message History

You barely miss the hornet.
The hornet is moderately wounded.
You feel yourself speed up.
You feel very sick.
The hornet stings you but does no damage.
The hornet closely misses you. The hornet stings you.
* * * LOW HITPOINT WARNING * * *
You feel yourself slow down. The hornet stings you.
* * * LOW HITPOINT WARNING * * *
You feel as though you will be slow longer.
You hit the hornet.
Your weapon exudes an aura of protection.
The hornet is heavily wounded.
You feel very sick.
The hornet stings you but does no damage. x2
The hornet completely misses you.
You feel better.
You feel yourself speed up.
The hornet stings you but does no damage.
The hornet stings you!
* * * LOW HITPOINT WARNING * * *
You are lethally poisoned!
You feel yourself slow down.
The hornet stings you but does no damage.
As you read the scroll of teleportation, it crumbles to dust.
You feel strangely unstable.
* * * LOW HITPOINT WARNING * * *
You feel very sick. The hornet stings you.
* * * LOW HITPOINT WARNING * * *
You are more poisoned.
You feel as though you will be slow longer.
The hornet stings you but does no damage.
It was a potion of lignification.
You turn into a tree.
Your +0 helmet melds into your body.
Your +0 pair of boots melds into your body.
Your +0 chain mail of cold resistance melds into your body.
You feel less resistant to cold.
Your roots penetrate the ground.
You feel strangely stable.
You die...

#...#..##.#....
###.#..##.#...#
#.#..##.#...# .#
#.#..##?#./.##..#
.######................
............y.........#
######.#####.#.#####.#
#.#####..........
#...y♣....#####.#
#.#####.........
###.#.......#####. ###
##.#.#.###...# ..#
##.#..#.# #..##
#.######[###.#.# #..#
#....##.## ##..# #..#
####.....###...# #..#
.#######..#..#####..#


You could see a hornet.

Vanquished Creatures
  A black bear (D:5)
  An ogre (D:4)
  A centaur (D:6)
  A scorpion (D:5)
  A wight (D:7)
  A howler monkey (D:7)
  2 jellies
  2 gnoll boudas
  6 hounds
  2 orc priests
  3 iguanas
  A sleepcap (D:7)
  3 orc wizards
  16 gnolls
  3 adders
  A shadow imp (D:5)
  2 white imps (D:5)
  An ufetubus (D:5)
  A dart slug (D:2)
  2 worms (D:3)
  13 orcs
  9 ball pythons
  6 endoplasms
  A giant cockroach (D:2)
  12 goblins
  7 hobgoblins
  3 jackals (D:2)
  5 kobolds
  3 quokkas
  3 bats (D:1)
  7 frilled lizards
  2 rats
122 creatures vanquished.

Notes
Turn   | Place    | Note
-------+----------+-------------------------------------------
     0 | D:1      | ringo67 the Human Warper began the quest for the Orb.
     0 | D:1      | Reached XP level 1. HP: 16/16 MP: 3/3
   196 | D:1      | Reached XP level 2. HP: 22/22 MP: 5/5
   796 | D:2      | Found a radiant altar of Vehumet.
   841 | D:2      | Reached XP level 3. HP: 28/28 MP: 6/6
  1475 | D:2      | Reached XP level 4. HP: 7/35 MP: 7/7
  1751 | D:3      | Found a shimmering blue altar of Sif Muna.
  2157 | D:3      | Reached XP level 5. HP: 38/41 MP: 8/8
  3110 | D:4      | Found Deetat's Magic Scroll Shop.
  3307 | D:4      | Identified the +6 short sword of Insufficient Pleasure
                  | {heavy, Str+5 Dex-2}
  3398 | D:4      | Reached XP level 6. HP: 47/47 MP: 9/9
  3405 | D:4      | Found a burning altar of Makhleb.
  3409 | D:4      | Noticed a balrug
  3410 | D:4      | Found a glowing silver altar of Zin.
  3411 | D:4      | Noticed an angel
  3529 | D:4      | Found a sacrificial altar of Ru.
  3829 | D:4      | Noticed an ogre
  3840 | D:4      | Killed an ogre
  3841 | D:4      | Reached XP level 7. HP: 21/55 MP: 10/10
  4303 | D:5      | Entered Level 5 of the Dungeon
  4666 | D:5      | Learned a level 2 spell: Blink
  4671 | D:5      | Learned a level 4 spell: Manifold Assault
  5449 | D:5      | Found an iron altar of Okawaru.
  6216 | D:5      | Reached XP level 8. HP: 53/61 MP: 11/11
  6262 | D:5      | Reached skill level 5 in Fighting
  6262 | D:5      | Reached skill level 5 in Maces & Flails
  6517 | D:5      | Reached skill level 5 in Armour
  7064 | D:6      | Noticed a hornet
  7176 | D:6      | Found a snail-covered altar of Cheibriados.
  7177 | D:6      | Found a shadowy altar of Dithmenos.
  7178 | D:6      | Found a broken altar of Ashenzari.
  7179 | D:6      | Found a bloodstained altar of Trog.
  8217 | D:6      | Found a staircase to the Ecumenical Temple.
  8444 | D:6      | HP: 1/60 [hornet (4)]
  8445 | D:6      | Succumbed to a hornet's poison

Illustrated notes

Levels and vault maps discovered:
D:1:      spicycebolla_arrival_risky_transporter, layout_basic
D:2:      layout_basic, basic_altar, hangedman_abyss_or_decor_lesser_grid
D:3:      layout_loops_ring, mainiacjoe_overflow_chevrons
D:4:      layout_loops_ring, grunt_temple_overflow_order_and_chaos_2,
          mainiacjoe_overflow_cross_hatched, serial_shops,
          nicolae_shop_tiny_statue_garden
D:5:      layout_loops_ring, okawaru_trees_1
D:6:      layout_loops_ring, mainiacjoe_overflow_alcove_3,
          minmay_temple_entry_overgrown, kennysheep_cluttered_room
D:7:      layout_cave_pods, mainiacjoe_overflow_brackets, doesnt_xom_only_xom

Skill      XL: |  1  2  3  4  5  6  7  8 |
---------------+-------------------------+-----
Fighting       | 3 4 5 |  5.6
Armour         | 2 3 4 5 |  5.4
Maces & Flails | 3 4 5 |  5.6
Translocations | 4 |  4.5
Throwing       | |  1.0
Dodging        | |  2.0
Spellcasting   | |  2.0

Action                     |  1- 3 |  4- 6 |  7- 9 || total
---------------------------+-------+-------+-------++-------
  Melee: Mace              |   115 |   106 |       ||   221
         Punch             |     1 |     1 |     1 ||     3
         Dagger            |       |    17 |    30 ||    47
         Halberd           |       |    69 |   244 ||   313
         Flail             |       |     6 |    25 ||    31
  Throw: Boomerang         |     2 |     5 |       ||     7
         Dart              |       |     1 |     3 ||     4
    Use: Potion            |       |       |     6 ||     6
         Scroll            |       |       |     6 ||     6
 Armour: Ring mail         |    43 |    21 |       ||    64
         Chain mail        |       |    74 |   285 ||   359
  Dodge: Dodged            |    80 |    87 |   114 ||   281
